 Dungeon Sprint DCSS version 0.23-a0-473-gc8aadda (webtiles) character file.

424 JosiahThimblerig the Fighter (level 6, -5/57 HPs)
             Began as a Merfolk Fighter on Nov 28, 2018.
             Was an Initiate of Qazlal.
             Slain by a slime creature (10 damage)
             ... in the Dungeon (Sprint I: "Red Sonja").
             The game lasted 00:14:02 (518 turns).

JosiahThimblerig the Fighter (Merfolk Fighter)       Turns: 518, Time: 00:14:03

Health: -5/57      AC:  7    Str: 17    XL:     6   Next: 96%
Magic:  5/5        EV: 11    Int:  8    God:    Qazlal [......]
Gold:   147        SH: 15    Dex: 14    Spells: 5/5 levels left

rFire    . . .     SeeInvis .   a - +0 long sword
rCold    . . .     Gourm    .   c - +0 shield
rNeg     . . .     Faith    .   b - +0 scale mail
rPois    .         Spirit   .   (no helmet)
rElec    .         Reflect  .   (no cloak)
rCorr    .         Harm     .   (no gloves)
MR       .....     Clarity  +   (no boots) Stlth ..........NoTele +
                                (no amulet)
HPRegen  0.19/turn              (no ring)
MPRegen  0.09/turn              (no ring)

@: no status effects
A: change form in water, swift swim, stealthy swim, repulsion field 1, large
bone plates 1, clarity, low mp 1
a: Renounce Religion


You were in the Dungeon.
You worshipped Qazlal.
Qazlal was noncommittal.
You were not hungry.

You visited 1 branch You collected 297 gold pieces.
You spent 150 gold pieces at shops.

Inventory:

Hand Weapons
 a - a +0 long sword (weapon)
 d - a cursed -1 giant club
 m - a +0 scythe
Armour
 b - a +0 scale mail (worn)
 c - a +0 shield (worn)
 l - a +0 scale mail
 n - a +0 robe
 p - a +0 robe
Scrolls
 k - a scroll of blinking
Potions
 e - a potion of curing
 h - a potion of haste
 i - 2 potions of magic
 j - a potion of berserk rage
 q - a potion of might
 r - 2 potions of flight
Comestibles
 f - a ration
 g - 4 chunks of flesh


   Skills:
 + Level 8.5 Fighting
 + Level 7.3 Long Blades
 + Level 6.3 Armour
 + Level 2.8 Dodging
 + Level 7.6 Shields


You had 5 spell levels left.
You didn't know any spells.
Your spell library was empty.

Dungeon Overview and Level Annotations

Branches:
Dungeon (1/1)

Altars:
Cheibriados
Dithmenos
Elyvilon
Fedhas
Gozag
Hepliaklqana
Kikubaaqudgha
Makhleb
Nemelex Xobeh
Okawaru
Qazlal
Ru
Sif Muna
Trog
Uskayaw
Vehumet
Wu Jian
Xom
Yredelemnul
Zin
The Shining One
Jiyva
Lugonu

Shops:
D !


Innate Abilities, Weirdness & Mutations

You revert to your normal form in water.
You are very nimble and swift while swimming.
You are very stealthy in the water. (Stealth+)
You are surrounded by a mild repulsion field. (EV +2)
You are partially covered in large bone plates. (SH +4)
You possess an exceptional clarity of mind.
Your magical capacity is low. (-10% MP)


Message History

Unknown command.
You barely miss the slime creature.
The slime creature is lightly wounded.
The slime creature hits you!
* * * LOW HITPOINT WARNING * * *
Unknown command.
It was a potion of mutation.
You feel extremely strange.
You begin to radiate repulsive energy.
Your thoughts seem clearer.
You feel less energetic.
Large bone plates grow over parts of your arms.
You block the slime creature's attack.
You hit the slime creature.
The slime creature is lightly wounded.
The slime creature hits you.
* * * LOW HITPOINT WARNING * * *
Unknown command.
You slash the slime creature!
The slime creature is lightly wounded.
The slime creature hits you!
You die...

###################
#<.#..'..#..'..#__#
#..'..#..'..#..@J.+
#..#####'#####'#__#
#..####..#...#.####
#..#__####..##.#
#..#_____##'#_.+
#⌠⌠#_.∩...÷..._#
####_..__##_.#+#
#_____###+# #######


You could see a slime creature.

Vanquished Creatures
  Sigmund (D)
  A yak (D)
  An ogre (D)
  A jelly (D)
  Ijyb (D)
5 creatures vanquished.

Notes
Turn   | Place    | Note
-------+----------+-------------------------------------------
     0 | D        | JosiahThimblerig the Merfolk Fighter began the quest for
                  | the Orb.
     0 | D        | Reached XP level 1. HP: 18/18 MP: 1/1
     1 | D        | Noticed Ijyb
    24 | D        | Killed Ijyb
    24 | D        | Reached skill level 4 in Fighting
    24 | D        | Reached XP level 2. HP: 9/26 MP: 2/2
    24 | D        | Reached XP level 3. HP: 11/31 MP: 3/3
   217 | D        | Noticed an ogre
   221 | D        | Killed an ogre
   221 | D        | Reached skill level 6 in Fighting
   221 | D        | Reached skill level 1 in Dodging
   221 | D        | Reached skill level 5 in Shields
   221 | D        | Reached XP level 4. HP: 40/40 MP: 4/4
   225 | D        | Noticed Sigmund
   230 | D        | Killed Sigmund
   230 | D        | Reached skill level 7 in Fighting
   230 | D        | Reached skill level 5 in Long Blades
   230 | D        | Reached skill level 5 in Armour
   230 | D        | Reached XP level 5. HP: 49/49 MP: 5/5
   230 | D        | Reached XP level 6. HP: 56/56 MP: 6/6
   242 | D        | Found an ornate altar of the Wu Jian Council.
   242 | D        | Found a deep blue altar of Sif Muna.
   246 | D        | Found a radiant altar of Vehumet.
   281 | D        | Found Vemutup's Distillery.
   281 | D        | Found an ancient bone altar of Kikubaaqudgha.
   281 | D        | Found a hazy altar of Hepliaklqana.
   281 | D        | Found a hide-covered altar of Uskayaw.
   281 | D        | Found a basalt altar of Yredelemnul.
   281 | D        | Found an opulent altar of Gozag.
   281 | D        | Found a snail-covered altar of Cheibriados.
   281 | D        | Found a sacrificial altar of Ru.
   281 | D        | Found a shadowy altar of Dithmenos.
   281 | D        | Noticed a yak
   301 | D        | Killed a yak
   301 | D        | Reached skill level 8 in Fighting
   302 | D        | Found a stormy altar of Qazlal.
   302 | D        | Found a blossoming altar of Fedhas.
   302 | D        | Found a bloodstained altar of Trog.
   302 | D        | Found an iron altar of Okawaru.
   302 | D        | Found a glowing golden altar of the Shining One.
   302 | D        | Found a glowing silver altar of Zin.
   302 | D        | Found a white marble altar of Elyvilon.
   305 | D        | Found a sparkling altar of Nemelex Xobeh.
   470 | D        | Bought a potion of might for 40 gold pieces
   470 | D        | Bought a potion of flight for 30 gold pieces
   470 | D        | Bought a potion of flight for 30 gold pieces
   470 | D        | Bought a potion of heal wounds for 50 gold pieces
   473 | D        | Became a worshipper of Qazlal Stormbringer
   501 | D        | Found a burning altar of Makhleb.
   501 | D        | Found a viscous altar of Jiyva.
   501 | D        | Found a shimmering altar of Xom.
   501 | D        | Found a corrupted altar of Lugonu.
   501 | D        | Noticed a slime creature
   516 | D        | Gained mutation: You are surrounded by a mild repulsion
                  | field. (EV +2) [potion of mutation]
   516 | D        | Gained mutation: You possess an exceptional clarity of
                  | mind. [potion of mutation]
   516 | D        | Gained mutation: Your magical capacity is low. (-10% MP)
                  | [potion of mutation]
   516 | D        | Gained mutation: You are partially covered in large bone
                  | plates. (SH +4) [potion of mutation]
   518 | D        | Slain by a slime creature

Vault maps used:
D:        dungeon_sprint_1

Skill      XL: |  1  2  3  4  5  6 |
---------------+-------------------+-----
Fighting       | 4 6 7 8 |  8.5
Long Blades    | 3 4 5 7 |  7.3
Armour         | 3 4 5 6 |  6.3
Shields        | 4 5 6 7 |  7.6
Dodging        | 1 2 |  2.8

Action                   |  1- 3 |  4- 6 || total
-------------------------+-------+-------++-------
Melee: Long sword        |    25 |    40 ||    65
  Use: Potion            |     1 |     3 ||     4
Armor: Scale mail        |    10 |     5 ||    15
Dodge: Dodged            |     5 |    10 ||    15
Block: Shield            |    11 |    13 ||    24
       Rpst.: Long sword |     1 |     2 ||     3

Table legend:
 A = Non-vault XP
 B = Vault XP
 C = Vault XP percentage of total XP
 D = Non-vault monster count
 E = Vault monster count
 F = Vault count percentage of total count
                 A         B        C        D         E       F
            +---------+---------+-------+---------+---------+-------
      Total |       0 |     607 | 100.0 |       0 |       5 | 100.0
            +---------+---------+-------+---------+---------+-------
          D |       0 |     607 | 100.0 |       0 |       5 | 100.0
            +---------+---------+-------+---------+---------+-------
